 Dungeon Crawl Stone Soup version 0.28.0-62-gf88900778d (webtiles) character file.

Game seed: 9528976789275049858

7698 cbfl8 the Cleaver (level 11, -10/101 HPs)
             Began as a Minotaur Berserker on June 29, 2023.
             Was a High Priest of Trog.
             Killed from afar by Sonja (35 damage)
             ... with a bolt of acid
             ... on level 10 of the Dungeon.
             The game lasted 00:10:27 (11618 turns).

cbfl8 the Cleaver (Minotaur Berserker)             Turns: 11618, Time: 00:10:27

Health: -10/101    AC: 17    Str: 21    XL:     11   Next: 0%
Magic:  10/10      EV:  8    Int:  4    God:    Trog [*****.]
Gold:   584        SH: 10    Dex: 15    Spells: 10/10 levels left

rFire   . . .      SeeInvis .   a - +3 hand axe (venom)
rCold   + . .      Faith    .   D - +0 kite shield
rNeg    . . .      Spirit   .   m - +2 chain mail {rC+}
rPois   .          Reflect  .   (helmet restricted)
rElec   .          Harm     .   E - +0 cloak
rCorr   .          Rampage  .   F - +0 pair of gloves
Will    .....                   d - +0 pair of boots
Stlth   ..........              C - amulet of regeneration
HPRegen 1.06/turn               l - ring of flight
MPRegen 0.12/turn               s - +4 ring of protection

@: lethally poisoned (-10 -> -19), corroded, flying, slowed, studying Fighting,
very slow
A: horns 2, retaliatory headbutt
a: Renounce Religion, Berserk, Trog's Hand, Brothers in Arms


You were on level 10 of the Dungeon.
You worshipped Trog.
Trog was extremely pleased with you.
You visited 1 branch of the dungeon, and saw 10 of its levels.
You also visited: Ossuary.

You collected 584 gold pieces.

Inventory:

Hand Weapons
 a - a +3 hand axe of venom (weapon)
 j - a +0 executioner's axe
 K - a +0 war axe
Missiles
 y - 2 throwing nets (quivered)
Armour
 d - a +0 pair of boots (worn)
 m - a +2 chain mail of cold resistance (worn)
 D - a +0 kite shield (worn)
 E - a +0 cloak (worn)
 F - a +0 pair of gloves (worn)
Jewellery
 l - a ring of flight (left hand)
 s - a +4 ring of protection (right hand)
 C - an amulet of regeneration (around neck)
Wands
 f - a wand of polymorph (8)
 v - a wand of iceblast (2)
 G - a wand of digging (3)
Scrolls
 c - 2 scrolls of noise
 e - 11 scrolls of teleportation
 h - 3 scrolls of fog
 k - 3 scrolls of enchant armour
 t - a scroll of summoning
 x - 2 scrolls of fear
 H - 2 scrolls of identify
 J - a scroll of holy word
Potions
 b - a potion of cancellation {unknown}
 i - 2 potions of berserk rage
 n - 2 potions of heal wounds
 o - a potion of flight {unknown}
 p - 8 potions of curing {unknown}
 q - 2 potions of might {unknown}
 r - 2 potions of lignification {unknown}
 u - 2 potions of invisibility {unknown}
 w - a potion of degeneration {unknown}
 z - 2 potions of attraction {unknown}
 A - 2 potions of mutation {unknown}
 B - a potion of magic {unknown}


   Skills:
 + Level 10.6 Fighting
 + Level 12.9 Axes
 + Level 8.3 Armour
 + Level 4.5 Dodging
 + Level 1.7 Stealth
 * Level 5.7 Shields
 * Level 6.2 Evocations


You had 10 spell levels left.
You didn't know any spells.
Your spell library was empty.

Dungeon Overview and Level Annotations

Branches:
Dungeon (10/15)            Temple (0/1) D:5            Lair (0/6) D:9
    Orc (0/2) D:9         Ossuary (visited)

Altars:
Ashenzari
Dithmenos
Elyvilon
Kikubaaqudgha
Qazlal
Trog
Vehumet
Wu Jian
Zin

Shops:
D:3 ([

Annotations:
D:10 Sonja


Innate Abilities, Weirdness & Mutations

You have a pair of horns on your head.
You reflexively headbutt those who attack you in melee.


Message History

Found a shadowy altar of Dithmenos.
No target in view!
Sonja, the Graceful Assassin comes into view.
She is wielding a +0 short sword of venom, quivering curare-tipped darts and carrying a wand of acid (7).
Sonja shouts!
Sonja mumbles some strange words.
Sonja blinks!
Sonja throws a curare-tipped dart.
The curare-tipped dart hits you.
You are poisoned.
You have difficulty breathing.
You feel yourself slow down.
Sonja throws a curare-tipped dart.
The curare-tipped dart barely misses you.
Sonja is nearby!
A killer bee comes into view.
You feel very sick.
The killer bee buzzes angrily.
Sonja zaps a wand.
The bolt of acid hits you!!
There are monsters nearby!
A killer bee comes into view.
You feel sick.
The killer bee buzzes angrily.
A killer bee comes into view.
Sonja zaps a wand.
The bolt of acid hits you!! The acid corrodes you! Sonja completely misses you.
Sonja hits you but does no damage.
Sonja hits you with a +0 short sword of venom.
You are more poisoned.
You block the killer bee's attack.
Blink to where?
Press: ? - help, Dir - move target
As you read the scroll of blinking, it crumbles to dust.
You feel very sick.
You feel very sick.
You feel very sick.
Sonja casts a spell.
Sonja blinks!
Sonja hits you with a +0 short sword of venom.
* * * LOW HITPOINT WARNING * * *
Sonja hits you but does no damage.
You are more poisoned.
You block Sonja's attack.
Sonja zaps a wand.
The bolt of acid hits you!!
You die...

........# #.#######....#.####
####..### ##.## #.#.##.#### #..##
#...# #.......... #...# #...#
#......#### ##.#.#
#...######.#.##.#### ##.#..#
#####........#.#.).....#
##.###.###.......<###.#.))##.##.#
#.## ##...........# #...#.....).<
.## ##.#......@.###.........)))
#.## ##.######.Ky......#......#.#
##.###.## #...#####.#........#
##.#.## ##...# #.##.....### ##.##
#####....# # #.###...## #.#
...#y#^.#.. #......## ..#
###.#ยง#..... ######.##
####.##........._.##[......####
#..............##.####......


You could see Sonja and 2 killer bees.

Vanquished Creatures
  Pikel (D:8)
  A deep elf pyromancer (D:8)
  3 meliai (D:9)
  Sigmund (D:2)
  2 wraiths
  A yak (D:9)
  A steam dragon (D:7)
  A warg (D:9)
  5 water moccasins
  2 acid dragons
  4 black bears (D:9)
  7 orc warriors
  An ice beast (D:5)
  A sky beast (D:7)
  2 ogres
  5 centaurs
  2 phantoms
  3 kobold brigands
  6 bullfrogs
  A wyvern zombie (D:7)
  2 gnoll sergeants
  A scorpion (D:4)
  2 wyvern skeletons
  5 killer bees (D:10)
  2 electric eels (D:7)
  4 wights (D:7)
  A howler monkey (D:4)
  A bullfrog skeleton (D:6)
  A bullfrog zombie (D:6)
  A centaur zombie (D:9)
  A hound (D:6)
  4 jellies
  6 orc priests
  A gnoll shaman (D:6)
  3 iguanas
  Terence (D:3)
  Natasha (thrice) (D:2)
  7 orc wizards
  3 mummies (Ossuary)
  12 gnolls
  9 adders
  A white imp (D:6)
  4 ufetubi
  2 worms
  5 dart slugs
  21 orcs
  9 endoplasms
  2 giant cockroaches
  6 goblins
  8 hobgoblins
  5 jackals (D:4)
  24 kobolds
  5 quokkas
  4 ball pythons
  5 bats
  3 frilled lizards
  5 goblin zombies (Ossuary)
  4 hobgoblin zombies (Ossuary)
  2 kobold zombies (Ossuary)
  8 rats
243 creatures vanquished.

Vanquished Creatures (others)
  38 fungi (D:9)
  37 plants
75 creatures vanquished.

Grand Total: 318 creatures vanquished

Notes
Turn   | Place    | Note
-------+----------+-------------------------------------------
     0 | D:1      | cbfl8 the Minotaur Berserker began the quest for the Orb.
     0 | D:1      | Reached XP level 1. HP: 19/19 MP: 0/0
   153 | D:1      | Found a faded altar of an unknown god.
   262 | D:1      | Reached XP level 2. HP: 27/27 MP: 1/1
   766 | D:1      | Reached ** piety under Trog
   960 | D:2      | Reached skill level 4 in Axes
   960 | D:2      | Reached skill level 1 in Evocations
   960 | D:2      | Reached XP level 3. HP: 20/33 MP: 2/2
  1453 | D:2      | You fall into a shaft and drop 1 floor!
  1490 | D:3      | Reached XP level 4. HP: 41/41 MP: 3/3
  2438 | D:2      | Noticed Natasha
  2444 | D:2      | Killed Natasha
  2445 | D:2      | Reached skill level 5 in Fighting
  2445 | D:2      | Reached XP level 5. HP: 28/48 MP: 4/4
  2980 | D:2      | Noticed Sigmund
  2992 | D:2      | Killed Sigmund
  2993 | D:2      | Reached skill level 5 in Axes
  2993 | D:2      | Reached skill level 1 in Stealth
  2993 | D:2      | Reached XP level 6. HP: 56/56 MP: 5/5
  3193 | D:2      | Noticed Natasha
  3202 | D:2      | Killed Natasha
  3363 | D:2      | Noticed Natasha
  3371 | D:2      | Killed Natasha
  3640 | D:3      | Found Ruyklac's Armour Boutique.
  3808 | D:3      | Noticed Terence
  3817 | D:3      | Killed Terence
  4056 | D:3      | Found Toddanne's Weapon Boutique.
  4614 | D:4      | Reached skill level 6 in Axes
  4614 | D:4      | Reached XP level 7. HP: 20/61 MP: 6/6
  5057 | D:4      | Found an ancient bone altar of Kikubaaqudgha.
  5386 | D:5      | Entered Level 5 of the Dungeon
  5417 | D:5      | Reached *** piety under Trog
  5418 | D:5      | Reached skill level 7 in Axes
  5512 | D:5      | Reached XP level 8. HP: 70/70 MP: 7/7
  5568 | D:5      | Found a white marble altar of Elyvilon.
  5762 | D:5      | Reached skill level 8 in Axes
  6022 | D:5      | Found a staircase to the Ecumenical Temple.
  6182 | D:5      | Identified a scroll of acquirement
  6183 | D:5      | Acquired a manual of Fighting
  6874 | D:6      | Reached skill level 5 in Armour
  6896 | D:6      | Reached skill level 9 in Axes
  7077 | D:6      | Found a radiant altar of Vehumet.
  7753 | D:7      | Reached skill level 1 in Shields
  7784 | D:7      | Found a sand-covered staircase.
  7801 | D:7      | Reached XP level 9. HP: 61/80 MP: 8/8
  7809 | Ossuary  | Entered an ossuary
  7954 | Ossuary  | Reached **** piety under Trog
  8399 | D:7      | Reached skill level 10 in Axes
  8468 | D:7      | Found an ornate altar of the Wu Jian Council.
  8849 | D:7      | Found a stormy altar of Qazlal.
  8850 | D:7      | Found a broken altar of Ashenzari.
  9057 | D:7      | Reached skill level 5 in Evocations
  9555 | D:8      | Found a glowing silver altar of Zin.
  9624 | D:8      | Noticed Pikel
  9630 | D:8      | Killed Pikel
  9631 | D:8      | Reached skill level 11 in Axes
  9763 | D:8      | Reached XP level 10. HP: 90/90 MP: 9/9
  9891 | D:8      | Noticed a deep elf pyromancer
  9900 | D:8      | Killed a deep elf pyromancer
 10014 | D:8      | Found a bloodstained altar of Trog.
 10276 | D:9      | Reached skill level 12 in Axes
 10398 | D:9      | Found a staircase to the Lair.
 10411 | D:9      | Reached skill level 5 in Shields
 10514 | D:9      | Found a staircase to the Orcish Mines.
 10539 | D:9      | Reached skill level 10 in Fighting
 11166 | D:10     | Entered Level 10 of the Dungeon
 11190 | D:10     | Reached ***** piety under Trog
 11551 | D:10     | Reached XP level 11. HP: 89/101 MP: 10/10
 11605 | D:10     | Found a shadowy altar of Dithmenos.
 11612 | D:10     | Noticed Sonja
 11618 | D:10     | Killed from afar by Sonja

Illustrated notes

Levels and vault maps discovered:
D:1:      matt_arrival_diagonals, layout_basic,
          dreamdust_ecumenical_altar_statues
D:2:      minmay_skewed_foursquare, layout_basic, hex_large, dk_noncrumbling_3,
          minmay_tromino_v4_b, uniq_sigmund, uniq_natasha
D:3:      layout_basic, serial_shops, shop, nicolae_shop_bloodbath_and_beyond,
          uniq_terence
D:4:      layout_loops_ring, mainiacjoe_overflow_tiny_flanked
D:5:      layout_loops_cross, mainiacjoe_overflow_cross_hatched,
          minmay_temple_entry_antechambers
D:6:      layout_gridville, kennysheep_mini
D:7:      layout_basic, mainiacjoe_overflow_paths, nicolae_overflow_squiral,
          chequers_ossuary_entry_cave, chequers_avenue,
          minmay_misc_feat_nine_boxes
D:8:      layout_cave_pools, mainiacjoe_overflow_boulevard, trog_book,
          uniq_pikel
D:9:      layout_irregular_city, due_lair_maze_entry_diamond, david_orc_1_choice
D:10:     layout_loops_cross, mainiacjoe_overflow_alcove_1, uniq_sonja

Skill      XL: |  1  2  3  4  5  6  7  8  9 10 |
---------------+-------------------------------+-----
Fighting       | 4 5 6 7 8 10 | 10.6
Axes           | 4 5 6 7 9 11 12 | 12.9
Evocations     | 1 2 3 4 5 6 |  6.2
Dodging        | 3 4 |  4.5
Stealth        | 1 |  1.7
Armour         | 3 4 5 6 8 |  8.3
Shields        | 1 4 5 |  5.7

Action                   |  1- 3 |  4- 6 |  7- 9 | 10-12 || total
-------------------------+-------+-------+-------+-------++-------
Melee: Hand axe          |    77 |    65 |       |   107 ||   249
       Headbutt          |    13 |    16 |    50 |    52 ||   131
       Punch             |       |     1 |       |       ||     1
       Executioner's axe |       |    15 |   245 |   100 ||   360
Invok: Berserk           |       |     5 |     3 |     1 ||     9
       Trog's Hand       |       |       |     2 |       ||     2
  Use: Scroll            |     2 |     1 |    11 |     2 ||    16
 Stab: Sleeping          |     1 |     1 |       |       ||     2
       Distracted        |       |       |     1 |       ||     1
Armor: Animal skin       |    16 |    11 |       |       ||    27
       Plate armour      |       |    14 |       |       ||    14
       Chain mail        |       |     4 |   200 |   178 ||   382
Dodge: Dodged            |    55 |    42 |   164 |   105 ||   366
Block: Kite shield       |       |       |       |    34 ||    34
